 Dungeon Crawl Stone Soup version 0.29-a0-330-g52719c12eb (webtiles) character file.

Game seed: 12717955613628818640

13881 kae the Arsonist (level 12, -8/68 HPs)
             Began as a Tengu Fire Elementalist on Apr 14, 2022.
             Was an Initiate of Ashenzari.
             Succumbed to a cane toad's poison
             ... on level 1 of the Lair of Beasts.
             The game lasted 00:16:26 (19832 turns).

kae the Arsonist (Tengu Fire Elementalist)         Turns: 19832, Time: 00:16:26

Health: -8/68      AC:  6    Str:  9    XL:     12   Next: 10%
Magic:  34/34      EV: 22    Int: 20    God:    Ashenzari [......]
Gold:   727        SH:  0    Dex: 15    Spells: 2/27 levels left

rFire   . . .      SeeInvis .   s - staff of conjuration
rCold   . . .      Faith    .   (no shield)
rNeg    . . .      Spirit   .   a - +0 robe
rPois   .          Reflect  .   j - +2 hat of the Clairvoyant Moon {Cun, Bglg} (curse)
rElec   .          Harm     .   z - +1 cloak
rCorr   .          Rampage  .   (no gloves)
Will    .....                   (boots unavailable)
Stlth   ++........              C - amulet of magic regeneration
HPRegen 0.21/turn               A - +4 ring of evasion
MPRegen 0.64/turn               x - ring of magical power

@: lethally poisoned (-8 -> -49), flying quickly and evasively, studying
Crossbows, quick
A: beak, talons 3, nimble flight
a: Renounce Religion, Curse Item, Shatter the Chains


You were on level 1 of the Lair of Beasts.
You worshipped Ashenzari.
Ashenzari was noncommittal.
You visited 3 branches of the dungeon, and saw 13 of its levels.
You also visited: Sewer and Volcano.

You collected 727 gold pieces.

Inventory:

Hand Weapons
 e - a +1 mace of freezing
Missiles
 y - 4 throwing nets
Armour
 a - a +0 robe (worn)
 g - the +3 leather armour of Spite {Will+ MP-9 Int+3}
   (You found it on level 2 of the Dungeon)

   Int:       It affects your intelligence (+3).
   MP:        It affects your magic capacity (-9).
   Will:      It increases your willpower.
 j - the cursed +2 hat of the Clairvoyant Moon (worn) {Cun, Bglg}
   (You found it on level 1 of the Dungeon)

   It has a curse which improves the following skills: Cunning: Dodging and
   Stealth.
   Beguiling: Conjurations, Hexes and Translocations.
 z - a +1 cloak (worn)
Magical Staves
 s - a staff of conjuration (weapon)
Jewellery
 i - a ring of resist corrosion
 o - an amulet of guardian spirit
 w - a +4 ring of evasion
 x - a ring of magical power (right hand)
 A - a +4 ring of evasion (left hand)
 B - a ring of see invisible
 C - an amulet of magic regeneration (around neck)
 E - a ring of willpower
Wands
 m - a wand of paralysis (12)
Scrolls
 c - a scroll of enchant weapon
 h - 2 scrolls of summoning
 n - 2 scrolls of fog
 p - a scroll of blinking
 t - 4 scrolls of identify
 u - 2 scrolls of teleportation
Potions
 b - a potion of magic
 d - a potion of might
 f - 2 potions of attraction
 k - 3 potions of curing
 l - 2 potions of brilliance
 q - 2 potions of lignification
 r - 4 potions of mutation
 v - 2 potions of heal wounds
 F - a potion of ambrosia
 G - a potion of berserk rage {unknown}


   Skills:
 + Level 4.8 Fighting
 + Level 3.0 Staves
 + Level 5.1 Armour
 + Level 5.9(6.3) Dodging
 - Level 2.0(2.3) Stealth
 + Level 8.0 Spellcasting
 + Level 11.2(11.6) Conjurations
 * Level 13.4 Fire Magic


You had 2 spell levels left.
You knew the following spells:

 Your Spells              Type           Power      Damage    Failure   Level
a - Foxfire               Conj/Fire      100%       2x1d9     1%          1
b - Scorch                Fire           100%       2d10      1%          2
c - Conjure Flame         Conj/Fire      72%        6-21      1%          3
d - Inner Flame           Hex/Fire       35%        N/A       1%          3
e - Flame Wave            Conj/Fire      72%        2d13      1%          4
f - Fireball              Conj/Fire      36%        3d15      1%          5
g - Orb of Destruction    Conj           35%        9d10      52%         7

Your spell library contained the following spells:

 Spells                   Type           Power      Damage    Failure   Level
 Magic Dart               Conj           100%       1d8       1%          1
 Call Imp                 Summ           8%         N/A       13%         2
 Ensorcelled Hibernation  Hex/Ice        16%        N/A       13%         2
 Passwall                 Tmut/Erth      6%         N/A       13%         2
 Iskenderun's Battlesphe  Conj           70%        2d12      1%          5
 Mephitic Cloud           Conj/Pois/Air  35%        N/A       5%          3
 Gell's Gravitas          Tloc           8%         N/A       26%         3
 Lesser Beckoning         Tloc           8%         N/A       26%         3
 Swiftness                Air            8%         N/A       26%         3
 Teleport Other           Tloc           8%         N/A       26%         3
 Conjure Ball Lightning   Conj/Air       23%        3x3d6     75%         6
 Discord                  Hex            4%         N/A       100%        8
 Disjunction              Tloc           4%         N/A       100%        8


Dungeon Overview and Level Annotations

Branches:
Dungeon (10/15)            Temple (1/1) D:5            Lair (2/6) D:9
  Sewer (visited)         Volcano (visited)
  Swamp: Lair:2-4    Shoals: Lair:2-4     Snake: Lair:2-4    Spider: Lair:2-4
    Orc: D:9-12

Altars:
Ashenzari
Cheibriados
Dithmenos
Elyvilon
Fedhas
Gozag
Hepliaklqana
Kikubaaqudgha
Makhleb
Nemelex Xobeh
Okawaru
Qazlal
Ru
Sif Muna
Trog
Uskayaw
Vehumet
Wu Jian
Xom
Yredelemnul
Zin
The Shining One

Shops:
D:5 (

Annotations:
D:4 Blork the orc
D:6 2 runed translucent doors, robertstho's ghost, novice GnHu
D:7 2 transporters, Bnni's ghost, novice OpFi; Grum


Innate Abilities, Weirdness & Mutations

You have a beak for a mouth.
You have claws for feet.
Your magical nature lets you fly swiftly and evasively.


Message History

The foxfire hits the wolf.
The wolf is severely wounded.
The wolf bites you.
Casting: Foxfire (safe; 1% risk of failure)
Confirm with . or Enter, or press ? or * to list all spells.
You feel a surge of power!
You conjure some foxfire!
The wolf closely misses you. The wolf barely misses you.
The foxfire hits the wolf.
The wolf is severely wounded.
The foxfire hits the wolf but does no damage.
The wolf is severely wounded.
The wolf barely misses you.
Casting: Foxfire (safe; 1% risk of failure)
Confirm with . or Enter, or press ? or * to list all spells.
Flames lash the wolf.
You kill the wolf!
Casting: Scorch (safe; 1% risk of failure)
Confirm with . or Enter, or press ? or * to list all spells.
You can't see any susceptible monsters within range! (Use Z to cast anyway.) HP restored.
Done exploring.
Done exploring.
Done exploring.
(D) Dungeon (T) Temple (L) Lair
Where to? (Enter - Lair:1 @ (x,y), ? - help)
There is a stone staircase leading down here.
You fly downwards.
The cane toad stings you!!
You are poisoned.
The cane toad poisons you! The yak gores you. The yak gores you!
The cane toad stings you!
* * * LOW HITPOINT WARNING * * *
You are more poisoned.
The cane toad poisons you!
There is a stone staircase leading up, spattered with blood here.
* * * LOW HITPOINT WARNING * * *
You feel extremely sick. The yak barely misses you. The yak misses you.
The yak completely misses you. The cane toad completely misses you.
You fly upwards.
You die...

#.# ##.# ### ..# #..###
###.## ..### ##...###
##..... ....##
##.....#########.#..##
.....##
#..........P##..######
......# ##...#####...P.##
......# ##....###....P#
###...## #.YY........##
.###..P# ##.@F........# ##
##..# #..Y#####...# ##
##.## ##.### #.#..## .###
##.## #..# ####..# .#.#
##.## #.P# #...## ..##
##.####.### ###..#.# ..#
##..#..#.# ##...#### #.###
#.......#####....#
#...#######......##....###


You could see 3 yaks and a cane toad.

Vanquished Creatures
  Erica (Lair:2)
  3 two-headed ogres
  3 death yaks (Lair:1)
  Pikel (D:8)
  A rime drake (Lair:1)
  A troll (D:10)
  2 polar bears (Lair:1)
  2 hornets
  Grinder (D:5)
  A wraith (D:9)
  2 wyverns
  18 yaks
  A vampire (D:8)
  A basilisk (Lair:1)
  A steam dragon (D:7)
  4 water moccasins
  An orc warrior (D:7)
  A sky beast (D:6)
  3 black bears
  4 centaurs
  2 wolves (Lair:1)
  An ogre (D:6)
  4 lemures (D:8)
  2 phantoms
  4 kobold brigands
  3 necrophages
  4 bullfrogs
  2 gnoll sergeants
  2 scorpions
  8 wights
  5 killer bees (D:8)
  A howler monkey (D:10)
  An electric eel (Lair:2)
  A jelly (D:5)
  2 gnoll shamans (D:6)
  5 orc priests
  3 hounds
  4 iguanas
  A merfolk siren (Sewer)
  8 orc wizards
  A merfolk avatar (Sewer)
  21 gnolls
  7 adders
  3 river rats (Sewer)
  2 shadow imps
  An ufetubus (D:4)
  2 worms
  3 dart slugs
  26 orcs
  20 ball pythons
  9 endoplasms
  4 giant cockroaches
  5 goblins
  7 hobgoblins
  10 jackals
  18 kobolds
  3 quokkas
  5 bats
  8 frilled lizards
  20 rats
290 creatures vanquished.

Vanquished Creatures (collateral kills)
  A foxfire (Lair:2)
1 creature vanquished.

Vanquished Creatures (others)
  A gnoll (D:7)
  902 foxfires
  16 fungi
  23 plants
942 creatures vanquished.

Grand Total: 1233 creatures vanquished

Notes
Turn   | Place    | Note
-------+----------+-------------------------------------------
     0 | D:1      | kae the Tengu Fire Elementalist began the quest for the
                  | Orb.
     0 | D:1      | Reached XP level 1. HP: 10/10 MP: 4/4
   210 | D:1      | Found a faded altar of an unknown god.
   249 | D:1      | Reached XP level 2. HP: 15/15 MP: 4/6
   971 | D:1      | Reached skill level 4 in Fire Magic
   971 | D:1      | Reached XP level 3. HP: 14/19 MP: 7/7
   974 | D:1      | Learned a level 2 spell: Scorch
   978 | D:1      | Learned a level 3 spell: Conjure Flame
  1313 | D:2      | Identified the +3 leather armour of Spite {Will+ MP-9
                  | Int+3}
  2714 | D:2      | Reached XP level 4. HP: 24/24 MP: 2/8
  3746 | D:3      | Gained mutation: Your magical nature lets you fly swiftly
                  | and evasively. [Tengu growth]
  3746 | D:3      | Reached XP level 5. HP: 7/28 MP: 1/10
  4372 | D:4      | Reached skill level 5 in Fire Magic
  4973 | D:3      | Reached XP level 6. HP: 25/32 MP: 3/11
  5248 | D:4      | Found an ornate altar of the Wu Jian Council.
  5400 | D:4      | Noticed Blork the orc
  5590 | D:5      | Entered Level 5 of the Dungeon
  5592 | D:5      | Noticed Grinder
  5603 | D:5      | Killed Grinder
  5604 | D:5      | Reached skill level 6 in Fire Magic
  5604 | D:5      | Reached XP level 7. HP: 36/36 MP: 7/13
  5656 | D:5      | Found a glowing drain.
  5686 | Sewer    | Entered a sewer
  6313 | Sewer    | Reached skill level 5 in Conjurations
  6636 | D:5      | Reached skill level 7 in Fire Magic
  6870 | D:5      | Found Fus Niy's Antique Weapon Boutique.
  7238 | D:5      | Found a staircase to the Ecumenical Temple.
  7252 | D:5      | Reached XP level 8. HP: 41/41 MP: 11/15
  7417 | Temple   | Entered the Ecumenical Temple
  7502 | D:6      | Noticed a wyvern
  7523 | D:5      | Identified a scroll of acquirement
  7556 | D:6      | Found a runed translucent door.
  8286 | D:6      | Reached skill level 8 in Fire Magic
  8583 | D:6      | Reached skill level 5 in Spellcasting
  8659 | D:6      | Killed a wyvern
  8660 | D:6      | Reached skill level 9 in Fire Magic
  8923 | D:6      | Reached XP level 9. HP: 35/45 MP: 7/18
  9156 | D:6      | Found a runed translucent door.
  9463 | D:6      | Noticed robertstho's ghost (novice GnHu)
 10030 | D:7      | Reached skill level 10 in Fire Magic
 10030 | D:7      | Noticed Bnni's ghost (novice OpFi)
 10204 | D:7      | Identified the amulet of Gokleyn {Spirit rPois Int+6 SInv}
 10233 | D:7      | Found a glowing golden altar of the Shining One.
 11099 | D:7      | Noticed Grum
 11101 | D:7      | Identified the +9 trident of True Grit {chaos, rN+}
 11139 | D:7      | Found a transporter.
 11149 | D:7      | Found a transporter.
 11880 | D:7      | Reached skill level 11 in Fire Magic
 12041 | D:7      | Learned a level 3 spell: Inner Flame
 12046 | D:7      | Learned a level 4 spell: Flame Wave
 12106 | D:8      | Noticed a hornet
 12113 | D:8      | Killed a hornet
 12114 | D:8      | Reached XP level 10. HP: 48/50 MP: 20/20
 12145 | D:8      | Found a burning altar of Makhleb.
 12870 | D:8      | Reached skill level 1 in Armour
 13040 | D:7      | Reached skill level 1 in Fighting
 14589 | D:8      | Noticed Pikel
 14620 | D:8      | Killed Pikel
 15058 | D:9      | Acquired a book of the Spheres
 15066 | D:9      | Learned a level 5 spell: Fireball
 15229 | D:9      | Found a blossoming altar of Fedhas.
 15229 | D:9      | Found a broken altar of Ashenzari.
 15229 | D:9      | Found a shadowy altar of Dithmenos.
 15229 | D:9      | Noticed a two-headed ogre
 15241 | D:9      | Killed a two-headed ogre
 15242 | D:9      | Reached skill level 10 in Conjurations
 15242 | D:9      | Reached skill level 12 in Fire Magic
 15275 | D:9      | Found a bloodstained altar of Trog.
 15416 | D:9      | Noticed a two-headed ogre
 15428 | D:9      | Killed a two-headed ogre
 15429 | D:9      | Reached XP level 11. HP: 60/60 MP: 15/23
 15981 | D:9      | Found a staircase to the Lair.
 16086 | D:9      | Found a glowing silver altar of Zin.
 16087 | D:9      | Noticed an angel
 16127 | D:10     | Entered Level 10 of the Dungeon
 16230 | D:10     | Noticed a two-headed ogre
 16233 | D:10     | Killed a two-headed ogre
 16734 | D:10     | Found a sacrificial altar of Ru.
 16969 | D:9      | Became a worshipper of Ashenzari the Shackled
 17076 | Lair:1   | Entered Level 1 of the Lair of Beasts
 17092 | Lair:1   | Reached skill level 1 in Staves
 17131 | Lair:1   | Reached skill level 5 in Dodging
 17773 | Lair:1   | Reached skill level 13 in Fire Magic
 18148 | Lair:2   | Found a dark tunnel.
 18149 | Lair:2   | Noticed a death yak
 18150 | Lair:2   | Noticed a death yak
 18150 | Lair:2   | Noticed a death yak
 18157 | Volcano  | Entered a volcano
 18186 | Volcano  | Learned a level 7 spell: Orb of Destruction
 18206 | Lair:2   | Noticed Erica
 18755 | Lair:2   | Noticed a death yak
 18763 | Lair:2   | Noticed a death yak
 18804 | Lair:1   | Killed a death yak
 19369 | Lair:2   | Killed Erica
 19600 | Lair:1   | Killed a death yak
 19601 | Lair:1   | Reached XP level 12. HP: 61/67 MP: 11/25
 19723 | Lair:1   | Killed a death yak
 19724 | Lair:1   | Reached skill level 5 in Armour
 19832 | Lair:1   | Succumbed to a cane toad's poison

Illustrated notes

Levels and vault maps discovered:
D:1:      dpeg_arrival_three_smaller_balls, layout_loops_ring,
          chequers_ecumenical_altar_island
D:2:      layout_basic
D:3:      layout_loops_ring
D:4:      layout_cave_pools, pdpol_wu_jian_five_deadly_venoms,
          uniq_blork_the_orc
D:5:      layout_rooms, minmay_temple_entry_nine_rooms, serial_shops, shop,
          portal_sewer_entry_a, uniq_grinder
D:6:      wad_pebble_path, layout_cave_pools, ebering_ghost_sewer_f
D:7:      layout_loops_cross, tso_oasis_becter, gammafunk_ghost_gnarly_gnolls,
          kennysheep_path_1, kennysheep_nondescript
D:8:      layout_loops_corners, mainiacjoe_overflow_concentric_impassable,
          hex_large, uniq_pikel
D:9:      layout_basic, zin_angel, grunt_temple_overflow_cloverleaf,
          lair_entry_dummy
D:10:     layout_roguey, mainiacjoe_overflow_alcove_4
Temple:   cyrus_circular_temple
Lair:1:   layout_layer_cave, grunt_megastairs_1
Lair:2:   cheibrodos_lair_river_kwai, layout_regular_city,
          nicolae_volcano_entry_two_sided, infiniplex_staircase_pool, uniq_erica

Skill      XL: |  1  2  3  4  5  6  7  8  9 10 11 12 |
---------------+-------------------------------------+-----
Conjurations   | 2 3 4 5 7 9 10 11 | 11.2
Fire Magic     | 4 5 6 7 9 11 12 13 | 13.4
Spellcasting   | 3 4 5 6 7 8 |  8.0
Armour         | 3 4 5 |  5.1
Fighting       | 3 4 |  4.8
Dodging        | 4 5 |  5.9
Staves         | 2 3 |  3.0
Stealth        | |  2.0

Action                   |  1- 3 |  4- 6 |  7- 9 | 10-12 || total
-------------------------+-------+-------+-------+-------++-------
Melee: Unarmed           |     3 |       |       |       ||     3
       Kick              |     8 |     6 |     7 |     8 ||    29
       Mace              |    15 |       |       |       ||    15
       Staff             |    13 |    14 |    35 |    19 ||    81
       Peck              |     5 |     3 |     5 |     5 ||    18
 Cast: Foxfire           |    64 |    78 |   171 |   222 ||   535
       Scorch            |     4 |    18 |    93 |    55 ||   170
       Flame Wave        |       |       |     1 |       ||     1
       Conjure Flame     |       |       |       |    20 ||    20
       Fireball          |       |       |       |    43 ||    43
Invok: Curse Item        |       |       |       |     1 ||     1
  Use: Scroll            |     4 |     6 |     8 |    10 ||    28
       Potion            |       |       |     4 |     1 ||     5
 Stab: Sleeping          |     2 |       |       |       ||     2
Armor: Robe              |    15 |     8 |    57 |    29 ||   109
Dodge: Dodged            |    19 |    32 |   137 |   164 ||   352

Table legend: (Time is in decaauts)
 A = Elapsed time spent in this place.
 B = Non-inter-level travel time spent in this place.
 C = Inter-level travel time spent in this place.
 D = Time resting spent in this place.
 E = Time spent auto-exploring this place.
 F = Levels seen in this place.
 G = Mean time per level.
                   A        B        C        D        E       F      G
               +--------+--------+--------+--------+--------+-----+--------+
         Total |  19217 |  18357 |    860 |   3347 |  12123 |  15 | 1281.1 |
       Dungeon |  15675 |  14937 |    738 |   2556 |  10160 |  10 | 1567.5 |
        Temple |     52 |     39 |     13 |      0 |     34 |   1 |   52.0 |
          Lair |   2620 |   2512 |    108 |    747 |   1302 |   2 | 1310.0 |
         Sewer |    825 |    825 |      0 |     42 |    615 |   1 |  825.0 |
       Volcano |     43 |     43 |      0 |      0 |     10 |   1 |   43.0 |
               +--------+--------+--------+--------+--------+-----+--------+

Top non-repeatable levels by time:
     D:7: 2949 daAuts
     D:8: 2262 daAuts
     D:3: 1827 daAuts
     D:6: 1800 daAuts
  Lair:1: 1789 daAuts
     D:2: 1719 daAuts
     D:1: 1232 daAuts
     D:9: 1141 daAuts
     D:5: 1116 daAuts
     D:4: 902 daAuts
  Lair:2: 831 daAuts
   Sewer: 825 daAuts
    D:10: 722 daAuts
  Temple: 52 daAuts
 Volcano: 43 daAuts
